 Dungeon Crawl Stone Soup version 0.19.1-1-g22dce08 (webtiles) character file.

1701260 pib the Conqueror (level 27, 179/179 HPs)
             Began as a Gargoyle Fighter on Jan 11, 2017.
             Was a High Priest of the Shining One.
             Escaped with the Orb
             ... and 3 runes on Jan 20, 2017!
             The game lasted 05:35:25 (72680 turns).

pib the Conqueror (Gargoyle Fighter)               Turns: 72680, Time: 05:35:26

Health: 179/179    AC: 61    Str: 32    XL:     27
Magic:  35/35      EV: 20    Int: 11    God:    the Shining One [*****.]
Gold:   2109       SH: 24    Dex: 15    Spells: 5 memorised, 22 levels left

rFire  + + .     SeeInvis .     u - +9 trishula (holy)
rCold  + . .     Gourm    .     e - +9 plate armour {rF+}
rNeg   + + +     Faith    .     C - +3 shield {AC+3}
rPois  ∞         Spirit   .     L - +0 helmet of the Guild-Master {rPois MR+ Str+2}
rElec  +         Reflect  +     s - +2 cloak {MR+}
rCorr  +         Harm     .     d - +1 pair of gloves {Dex+3}
MR     +++++     Rnd*Rage +     W - +2 pair of boots of Subjectivity {rF+ MR+ rCorr}
Stlth  ..........               x - +6 amulet of reflection
                                y - +3 ring of slaying
                                Y - ring "Papecaj" {rC+ rN+ Str+2}

@: flying, glowing
A: big wings, hooves 1, berserk 1, blurry vision 1, frail 1, negative energy
resistance 1, electricity resistance, slow regeneration 1, unbreathing,
petrification resistance, rot immunity, AC +20
a: Stop Flying, Divine Shield, Cleansing Flame, Summon Divine Warrior, Renounce
Religion
0: Orb of Zot
}: 3/15 runes: serpentine, barnacled, silver


You escaped.
You worshipped the Shining One.
The Shining One was extremely pleased with you.
You were very full.

You visited 11 branches of the dungeon, and saw 51 of its levels.
You also visited: Labyrinth, Trove and Wizlab.

You collected 6119 gold pieces.
You spent 4010 gold pieces at shops.

Inventory:

Hand Weapons
 h - the +7 trident of Rovoba {freeze, Str+5 Int+4}
   (You took it off a tengu conjurer on level 1 of the Depths)

   It has been specially enchanted to freeze those struck by it, causing extra
   injury to most foes and up to half again as much damage against particularly
   susceptible opponents.
   It can also slow down cold-blooded creatures.
   It affects your strength (+5).
   It affects your intelligence (+4).
 u - a +9 trishula of holy wrath (weapon)
 H - a +0 lajatang of holy wrath
Armour
 c - the +5 chain mail "Zish" {MR++}
   (You found it on level 3 of the Elven Halls)

   It affects your resistance to hostile enchantments.
 d - a +1 pair of gloves of dexterity (worn)
 e - a +9 plate armour of fire resistance (worn)
 r - a +1 hat of see invisible
 s - a +2 cloak of magic resistance (worn)
 C - a +3 shield of protection (worn)
 E - a +2 buckler of cold resistance
 L - the +0 helmet of the Guild-Master (worn) {rPois MR+ Str+2}
   (You found it on level 5 of the Depths)

   It affects your strength (+2).
   It protects you from poison.
   It affects your resistance to hostile enchantments.
 W - the +2 pair of boots of Subjectivity (worn) {rF+ MR+ rCorr}
   (You found it in a treasure trove)

   It protects you from fire.
   It affects your resistance to hostile enchantments.
   It protects you from acid and corrosion.
Jewellery
 x - a +6 amulet of reflection (around neck)
 y - a +3 ring of slaying (right hand)
 Y - the ring "Papecaj" (left hand) {rC+ rN+ Str+2}
   (You took it off a siren on level 4 of the Shoals)

   [ring of protection from cold]

   It affects your strength (+2).
   It protects you from cold.
   It protects you from negative energy.
Wands
 a - a wand of heal wounds (3/9)
 A - a wand of digging (1/24)
 Q - a wand of lightning (2/15)
 Z - a wand of paralysis (8/24)
Scrolls
 k - 9 scrolls of fog
 m - 10 scrolls of identify
 p - 20 scrolls of remove curse
 q - 2 scrolls of enchant weapon
 z - 6 scrolls of fear
 B - 2 scrolls of amnesia
 D - 3 scrolls of blinking
 G - 3 scrolls of teleportation
 S - 2 scrolls of holy word
 T - 2 scrolls of magic mapping
 U - a scroll of silence
Potions
 b - 3 potions of magic
 i - 4 potions of cancellation
 j - 5 potions of resistance
 l - 3 potions of might
 n - 2 potions of heal wounds
 o - 5 potions of invisibility
 F - 8 potions of brilliance
 I - 5 potions of mutation
 K - 6 potions of haste
 M - 27 potions of curing
 N - 3 potions of agility
 O - 4 potions of berserk rage
 X - a potion of cure mutation
Miscellaneous
 t - a phial of floods
 J - a disc of storms
 V - a phantom mirror
Comestibles
 f - 12 bread rations
 g - 23 fruits
 v - 12 royal jellies
 w - 3 slices of pizza
 P - 17 meat rations
 R - 11 beef jerkies


   Skills:
 O Level 27 Fighting
   Level 3.3(13.5) Axes
 - Level 19.4(19.8) Polearms
 - Level 8.0(15.8) Staves
 - Level 15.1 Armour
 + Level 19.5 Dodging
 - Level 15.2 Shields
 - Level 8.1 Spellcasting
 - Level 8.1 Earth Magic
 - Level 17.0 Invocations
 - Level 14.0 Evocations


You had 22 spell levels left.
You knew the following spells:

 Your Spells              Type           Power        Failure   Level  Hunger
a - Sandblast             Erth           ###...       2%          1    None
b - Shatter               Erth           ###.......   100%        9    #######
c - Summon Small Mammal   Summ           #...         77%         1    None
d - Deflect Missiles      Chrm/Air       #.........   100%        6    #######
e - Teleport Other        Tloc           #.......     99%         3    ###....


Dungeon Overview and Level Annotations

Branches:
Dungeon (15/15)            Temple (1/1) D:6            Lair (6/6) D:9
 Shoals (4/4) Lair:2        Snake (4/4) Lair:2        Slime (0/5) Lair:5
    Orc (2/2) D:9             Elf (3/3) Orc:2        Vaults (5/5) D:13
  Crypt (1/3) Vaults:3     Depths (5/5) D:15            Zot (5/5) Depths:5

Altars:
Ashenzari
Cheibriados
Dithmenos
Elyvilon
Fedhas
Gozag
Hepliaklqana
Kikubaaqudgha
Makhleb
Nemelex Xobeh
Okawaru
Qazlal
Ru
Sif Muna
Trog
Uskayaw
Vehumet
Xom
Yredelemnul
Zin
The Shining One
Jiyva

Shops:
D:10 :   D:14 ?   Orc:1 ?   Orc:2 :=%[   Elf:1 =   Elf:3 !!   Snake:1 =}}}?
Snake:4 (*(   Vaults:4 [   Vaults:5 ![:}   Depths:1 [[*:

Portals:
Hell: Depths:1 Depths:2 Depths:3 Depths:4 Depths:5
Abyss: Depths:4
Pandemonium: Depths:2 Depths:3
Ziggurat: Depths:2

Annotations:
D:2 1 runed door
D:4 Atlantean's ghost, amateur GrFi
D:6 dngmouse's ghost, novice DDFi
Lair:2 exclusion: oklob plant
Crypt:1 Mennas
Depths:5 exclusion: ice statue


Innate Abilities, Weirdness & Mutations

You are resistant to torment.
Your stone body is resilient. (AC +20)
You are immune to poison.
Your large and strong wings let you fly indefinitely.
You resist negative energy. (rN+)
You are resistant to electric shocks. (rElec)
You can survive without breathing.
You are immune to petrification.
You are immune to rotting.
You have large cloven feet.
You tend to lose your temper in combat.
Scrolls take you a little longer to read.
You are frail. (-10% HP)
You regenerate slowly when monsters are visible.


Message History

You fly upwards.
A bat comes into view.
There is a stone staircase leading down here.
You skewer Cugha like a kebab!!!
Cugha convulses!!
Cugha is heavily wounded.
Cugha hits you but does no damage.
You hit Cugha.
Cugha convulses.
Cugha is heavily wounded.
Cugha hits you but does no damage.
You hit Cugha but do no damage.
Cugha is heavily wounded.
Cugha misses you.
You stick Cugha like a pincushion!!!
Cugha convulses!!!
You kill Cugha!
The Shining One accepts your kill. You block the bat's attack.
You impale the bat!!
You kill the bat!
There is a staircase leading out of the dungeon here.
You have escaped!

...## #............## #.#.#
..## #.#####..###..# #.#.###
### #.# #.## ##.# #.#...#
#.######.###.## #.#...#
#######....# ##.#.##
##.#...# ........##.## ##.##
##..##.##
###########.###.#.###.#.##.#
##.#.#.#.#.##.##.#
##.#.@.#.###.##.##
##.#.#.#.#.##.#..>####
##.###.#.###.#...#....# #.##
##.## ##..#...##.#
#..###.#.########.###.#
##.##.###.#.# #.# #.# #
#.#.## ##..# #.# #.# #####
#.#.#####..# #.# #.# ....#
#..........# #.# #.#


There were no monsters in sight!

Vanquished Creatures
  2 pandemonium lords
  5 orbs of fire
  6 ancient liches
  Frederick (Vaults:2)
  Xtahua (Crypt:1)
  Saint Roka (Snake:2)
  2 Killer Klowns (Zot:5)
  Margery (Vaults:3)
  8 golden dragons
  Nikola (Elf:3)
  the Enchantress (Depths:3)
  A bone dragon (Depths:5)
  Jory (Vaults:5)
  3 electric golems
  Jorgrun (Depths:3)
  16 tentacled monstrosities
  21 Orb Guardians
  5 liches
  15 titans
  Asterion (Elf:2)
  8 quicksilver dragons
  10 deep elf blademasters
  3 deep elf master archers
  11 death cobs
  An Executioner (WizLab)
  Gastronok (D:9)
  6 sphinxes
  17 storm dragons
  Frances (Elf:1)
  6 tengu reavers
  Kirke (Lair:5)
  8 nagarajas
  3 draconian monks
  2 revenants (Crypt:1)
  9 shadow dragons
  Ilsuiw (Shoals:4)
  14 fire giants
  28 frost giants
  7 draconian zealots
  10 deep elf sorcerers
  4 iron dragons
  Aizul (Snake:4)
  5 draconian knights
  2 balrugs
  2 cacodemons (WizLab)
  17 ironheart preservers
  13 vault wardens
  A curse skull (Vaults:3)
  8 draconian shifters
  2 ghost moths
  4 draconian scorchers
  7 draconian annihilators
  7 spriggan defenders
  30 very ugly things
  2 draconian callers
  5 war gargoyles
  3 deep elf elementalists (Elf:3)
  An entropy weaver (Vaults:4)
  12 green draconians
  17 stone giants
  4 vampire knights
  7 deep elf demonologists
  21 black draconians
  The ghost of bear the Severer, a journeyman FoFi of Okawaru (Lair:2)
  10 mottled draconians
  15 purple draconians
  11 yellow draconians
  15 white draconians
  5 spark wasps
  18 red draconians
  A blizzard demon (Depths:5)
  A spark wasp (shapeshifter) (Depths:4)
  7 deep elf annihilators
  4 jiangshi
  The ghost of yogakurto the Basher, a journeyman GrHu of Elyvilon (D:12)
  8 ettins
  6 deep elf death magi
  Snorg (Lair:5)
  6 merfolk javelineers
  A green death (WizLab)
  9 merfolk impalers
  14 ogre magi
  6 deep elf high priests
  7 fire dragons
  A minotaur (Lab)
  10 yaktaur captains
  38 vault guards
  A quicksilver dragon skeleton (Crypt:1)
  7 great orbs of eyes
  10 hydras
  10 ice dragons
  4 rakshasas
  A ghost crab (shapeshifter) (Vaults:3)
  2 merfolk avatars (Shoals:4)
  The ghost of dngmouse the Cleaver, a novice DDFi of Makhleb (D:10)
  11 anacondas
  9 naga warriors
  4 spriggan air magi
  3 satyrs (Shoals:4)
  11 centaur warriors
  2 alligator snapping turtles
  2 catoblepae
  9 tengu warriors
  23 dancing weapons
  2 small abominations (Elf:3)
  5 merfolk aquamancers
  10 death yaks
  5 death knights
  6 vampire magi
  2 titan zombies
  6 deep troll shamans
  4 orc high priests
  11 deep troll earth magi
  12 naga sharpshooters
  Urug (Orc:1)
  21 deep elf knights
  6 spriggan berserkers
  10 shock serpents
  4 sun demons
  5 soul eaters
  A storm dragon zombie (Crypt:1)
  A titan skeleton (Crypt:1)
  11 hell knights
  6 iron trolls
  A salamander mystic (Snake:1)
  8 skeletal warriors
  3 shadow wraiths
  A large abomination (Elf:3)
  2 shadow demons (WizLab)
  2 golden dragon zombies
  A swamp dragon (shapeshifter) (Vaults:4)
  13 sea snakes
  4 unseen horrors
  29 deep trolls
  3 wizards
  An anaconda zombie (Crypt:1)
  2 glowing orange brains (Vaults:2)
  2 quicksilver dragon simulacra (Depths:5)
  3 spriggan druids (Depths:4)
  23 deep elf archers
  A lindwurm (Lair:6)
  5 flayed ghosts
  17 harpies
  9 phantasmal warriors
  14 naga ritualists
  12 hill giants
  14 ironbrand convokers
  A harpy (shapeshifter) (Depths:5)
  An anaconda skeleton (Crypt:1)
  10 necromancers
  23 orc knights
  2 iron dragon zombies (Crypt:1)
  68 deep elf magi
  16 mana vipers
  A shadow dragon skeleton (Vaults:3)
  8 orc sorcerers
  5 salamanders
  8 cyclopes
  A fire giant zombie (Crypt:1)
  A salamander (shapeshifter) (Depths:4)
  7 fauns
  A fire giant skeleton (Depths:2)
  2 wolf spiders
  62 ugly things
  2 centaur zombies
  21 manticores
  A moth of wrath (shapeshifter) (Vaults:3)
  15 sirens
  25 moths of wrath
  2 torpor snails
  45 black mambas
  11 elephants
  4 guardian serpents
  An ice statue (D:10)
  A black mamba (shapeshifter) (Elf:1)
  7 smoke demons
  2 water nymphs
  8 rust devils (Depths:5)
  14 naga magi
  3 gargoyles
  7 spiny frogs
  A spiny frog (shapeshifter) (Vaults:4)
  A redback zombie (D:12)
  14 vault sentinels
  2 centaur skeletons
  A yaktaur zombie (Vaults:5)
  A kobold demonologist (D:13)
  3 rime drakes
  3 efreet (Depths:5)
  A tormentor (WizLab)
  A hellion (Depths:3)
  A yaktaur (shapeshifter) (D:15)
  41 yaktaurs
  6 komodo dragons
  A minotaur zombie (Crypt:1)
  17 freezing wraiths
  A hellwing (Zot:4)
  7 ice devils
  A meliai (shapeshifter) (Vaults:2)
  13 trolls
  41 merfolk
  2 wind drakes
  6 tengu conjurers
  6 meliai
  A tengu simulacrum (Vaults:3)
  20 two-headed ogres
  A red devil (Depths:5)
  A wind drake (shapeshifter) (Vaults:3)
  10 hornets
  A two-headed ogre (shapeshifter) (Vaults:2)
  4 polar bears
  Prince Ribbit (D:5)
  10 blink frogs
  11 snapping turtles
  A jumping spider (shapeshifter) (Depths:4)
  A queen bee (D:13)
  A moth of wrath zombie (Crypt:1)
  21 slime creatures
  12 hippogriffs
  A fire giant simulacrum (Crypt:1)
  4 flying skulls
  A vampire (D:14)
  13 spriggans
  5 shadows
  3 redbacks (Vaults:4)
  A spriggan (shapeshifter) (Vaults:3)
  5 ynoxinuls
  A tarantella (shapeshifter) (Vaults:5)
  A tarantella (Vaults:4)
  A wyvern (shapeshifter) (Vaults:3)
  5 air elementals (Depths:5)
  14 wraiths
  A yak (shapeshifter) (Vaults:4)
  3 fire elementals
  46 yaks
  A wyvern (D:12)
  26 water elementals
  2 hungry ghosts
  Eustachio (D:6)
  A human (shapeshifter) (Elf:3)
  10 vampire mosquitoes
  4 hogs
  2 golden eyes (shapeshifter)
  2 neqoxecs
  A chaos spawn (D:3)
  A monstrous demonspawn zombie (Crypt:1)
  A wind drake skeleton (Crypt:1)
  2 yaktaur simulacra
  A swamp worm (shapeshifter) (Vaults:4)
  Edmund (D:5)
  A spriggan simulacrum (Depths:2)
  Menkaure (D:5)
  7 wargs
  3 mottled dragons
  A soldier ant (D:14)
  A hell hound (Depths:5)
  52 nagas
  9 water moccasins
  9 porcupines
  Duvessa (D:7)
  A necrophage (D:7)
  2 ice beasts (D:8)
  A hornet zombie (D:10)
  48 orc warriors
  A swamp dragon zombie (Crypt:1)
  6 ettin simulacra
  4 sky beasts
  3 phantoms
  41 ogres
  An elf skeleton (Vaults:3)
  A wolf (shapeshifter) (Vaults:3)
  14 wolves
  3 boggarts (Depths:4)
  15 crocodiles
  18 centaurs
  3 human skeletons
  A snapping turtle skeleton (Crypt:1)
  10 bullfrogs
  5 big kobolds
  8 gnoll sergeants
  3 earth elementals
  Dowan (D:7)
  3 scorpions
  31 killer bees
  8 wights
  2 electric eels (D:7)
  2 howler monkeys
  10 crimson imps
  2 human simulacra
  8 hounds
  4 quasits
  A bullfrog zombie (D:9)
  26 orc priests
  11 jellies
  23 orc wizards
  4 bullfrog skeletons
  A hound (shapeshifter) (Vaults:4)
  An iron imp (Depths:3)
  6 iguanas
  Jessica (D:2)
  Ijyb (D:2)
  Natasha (thrice) (D:2)
  5 worker ants
  6 hell rats (Lair:4)
  A killer bee zombie (D:7)
  A hound zombie (D:7)
  A worker ant zombie (D:11)
  Robin (D:2)
  15 gnolls
  17 adders
  4 howler monkey skeletons
  6 shadow imps
  A white imp (Depths:3)
  7 ufetubi
  20 oozes
  An adder zombie (D:5)
  A worm (D:2)
  3 dart slugs
  6 leopard geckos
  111 orcs
  6 giant cockroaches
  14 goblins
  16 hobgoblins
  8 jackals
  18 kobolds
  5 quokkas
  A ball python (D:1)
  7 bats
  4 frilled lizards
  A leopard gecko zombie (Crypt:1)
  11 rats
  A plant (Shoals:4)
  A tentacle (Shoals:3)
2557 creatures vanquished.

Vanquished Creatures (collateral kills)
  An orb of fire (Zot:5)
  An ancient lich (Zot:5)
  4 Orb Guardians (Zot:5)
  A draconian knight (Zot:5)
  2 draconian zealots
  A draconian shifter (Depths:5)
  A draconian annihilator (Depths:5)
  2 very ugly things
  A mottled draconian (Zot:5)
  A deep troll earth mage (Depths:5)
  2 spriggan berserkers (Depths:3)
  2 sun demons (Depths:5)
  2 deep trolls
  An ugly thing (Depths:5)
  A moth of wrath (Zot:5)
  A smoke demon (Depths:3)
  2 red devils (Depths:5)
  2 spriggans (Depths:3)
  A hell hound (Depths:5)
  An iron imp (Depths:3)
  A white imp (Depths:3)
31 creatures vanquished.

Vanquished Creatures (others)
  2 deep elf master archers (Elf:3)
  A tengu reaver (Depths:5)
  A vault warden (Vaults:1)
  A draconian caller (Zot:2)
  A stone giant (Depths:1)
  An ettin (Depths:1)
  3 merfolk javelineers
  4 yaktaur captains
  3 centaur warriors
  2 deep elf knights
  A sea snake (Shoals:4)
  A harpy (shapeshifter) (Depths:1)
  4 deep elf archers
  2 deep elf magi
  2 cyclopes (Vaults:1)
  2 moths of wrath (Zot:5)
  A vault sentinel (Vaults:4)
  7 yaktaurs
  A freezing wraith (Vaults:4)
  A wind drake (Shoals:4)
  A water elemental (Shoals:4)
  An ogre (Vaults:4)
  3 centaurs
  A ball lightning (Depths:5)
  A bush (Lair:1)
  15 fungi
  34 plants
  20 tentacles (Shoals:3)
117 creatures vanquished.

Grand Total: 2705 creatures vanquished

Notes
Turn   | Place    | Note
-------+----------+-------------------------------------------
     0 | D:1      | pib the Gargoyle Fighter began the quest for the Orb.
     0 | D:1      | Reached XP level 1. HP: 14/14 MP: 1/1
    91 | D:1      | Reached XP level 2. HP: 19/19 MP: 2/2
   370 | D:1      | Reached XP level 3. HP: 19/23 MP: 3/3
   776 | D:2      | Noticed Ijyb
   788 | D:2      | Killed Ijyb
   788 | D:2      | Reached XP level 4. HP: 25/29 MP: 4/4
   910 | D:2      | Found a snail-covered altar of Cheibriados.
  1121 | D:2      | Noticed Jessica
  1136 | D:2      | Killed Jessica
  1136 | D:2      | Reached skill level 4 in Fighting
  1136 | D:2      | Reached XP level 5. HP: 27/33 MP: 5/5
  1229 | D:2      | Noticed Natasha
  1239 | D:2      | Killed Natasha
  1366 | D:2      | Noticed Natasha
  1379 | D:2      | Killed Natasha
  1514 | D:2      | Noticed Natasha
  1521 | D:2      | Killed Natasha
  1521 | D:2      | Reached XP level 6. HP: 17/39 MP: 6/6
  1734 | D:2      | Noticed Robin
  1756 | D:2      | Killed Robin
  2053 | D:2      | Found a runed door.
  2507 | D:3      | Reached skill level 1 in Polearms
  2740 | D:3      | Reached skill level 5 in Shields
  2743 | D:3      | Found a hide-covered altar of Uskayaw.
  2764 | D:3      | Found a shadowy altar of Dithmenos.
  2787 | D:3      | Found a bloodstained altar of Trog.
  2789 | D:3      | Found a basalt altar of Yredelemnul.
  2930 | D:3      | Reached XP level 7. HP: 44/44 MP: 7/7
  2950 | D:3      | Reached skill level 5 in Fighting
  2959 | D:3      | Reached skill level 5 in Armour
  3639 | D:4      | Noticed Atlantean's ghost (amateur GrFi)
  3944 | D:5      | Entered Level 5 of the Dungeon
  3982 | D:5      | Noticed Menkaure
  3986 | D:5      | Killed Menkaure
  3986 | D:5      | Reached XP level 8. HP: 49/51 MP: 8/8
  4024 | D:5      | Found a basalt altar of Yredelemnul.
  4089 | D:5      | Noticed Edmund
  4097 | D:5      | Killed Edmund
  4205 | D:5      | Reached skill level 6 in Fighting
  4272 | D:5      | Noticed Prince Ribbit
  4291 | D:5      | Killed Prince Ribbit
  4497 | D:6      | Found a staircase to the Ecumenical Temple.
  4512 | Temple   | Entered the Ecumenical Temple
  4531 | Temple   | Became a worshipper of Warmaster Okawaru
  4684 | D:6      | Noticed dngmouse's ghost (novice DDFi)
  4690 | D:6      | Noticed Eustachio
  4722 | D:6      | Killed Eustachio
  4831 | D:7      | Reached XP level 9. HP: 56/56 MP: 9/9
  4900 | D:7      | Reached * piety under Okawaru
  5010 | D:7      | Gained mutation: You are dopey. (Int -2) [mutagenic meat]
  5032 | D:7      | Reached skill level 7 in Fighting
  5355 | D:7      | Noticed Duvessa
  5356 | D:7      | Noticed Dowan
  5388 | D:7      | Killed Duvessa
  5573 | D:7      | Killed Dowan
  5573 | D:7      | Reached skill level 1 in Invocations
  5666 | D:8      | Noticed a two-headed ogre
  5845 | D:8      | Reached ** piety under Okawaru
  6025 | D:8      | Killed a two-headed ogre
  6086 | D:8      | Noticed a manticore
  6098 | D:8      | Killed a manticore
  6098 | D:8      | Reached XP level 10. HP: 38/64 MP: 11/13
  6133 | D:8      | Reached skill level 8 in Fighting
  6133 | D:8      | Reached skill level 5 in Polearms
  6138 | D:8      | Reached skill level 5 in Invocations
  6355 | D:8      | Found a white marble altar of Elyvilon.
  6367 | D:8      | Found a burning altar of Makhleb.
  6374 | D:8      | Found a deep blue altar of Sif Muna.
  6379 | D:8      | Found a shimmering altar of Xom.
  6386 | D:8      | Found a sparkling altar of Nemelex Xobeh.
  6405 | D:8      | Found an opulent altar of Gozag.
  6422 | D:8      | Found a radiant altar of Vehumet.
  6678 | D:8      | Reached *** piety under Okawaru
  7089 | D:9      | Found a staircase to the Lair.
  7142 | D:9      | Found a staircase to the Orcish Mines.
  7198 | D:9      | Reached **** piety under Okawaru
  7444 | Lair:1   | Entered Level 1 of the Lair of Beasts
  7497 | Lair:1   | Noticed a black mamba
  7506 | Lair:1   | Killed a black mamba
  7506 | Lair:1   | Reached ***** piety under Okawaru
  7506 | Lair:1   | Received a gift from Okawaru
  7506 | Lair:1   | Reached skill level 9 in Fighting
  7506 | Lair:1   | Reached XP level 11. HP: 71/71 MP: 16/16
  8246 | Lair:2   | Reached skill level 10 in Fighting
  8431 | Lair:2   | Found a staircase to the Shoals.
  8544 | Lair:2   | Noticed bear's ghost (journeyman FoFi)
  9511 | Lair:3   | Noticed a four-headed hydra
  9525 | Lair:3   | Killed a four-headed hydra
  9716 | Lair:3   | Reached skill level 10 in Armour
  9869 | Lair:3   | Noticed a six-headed hydra
  9887 | Lair:3   | Killed a six-headed hydra
  9887 | Lair:3   | Reached ****** piety under Okawaru
  9887 | Lair:3   | Reached XP level 12. HP: 47/79 MP: 17/17
 10297 | Lair:4   | Received a gift from Okawaru
 10302 | Lair:4   | Reached skill level 11 in Fighting
 10313 | Lair:4   | Got a faintly glowing chain mail {god gift}
 10324 | Lair:4   | Identified the +1 chain mail of Untold Secrets {rC+ Int+5} (Okawaru gifted it to you on level 4 of the Lair of Beasts)
 10465 | Lair:4   | Noticed a death yak
 10487 | Lair:4   | Killed a death yak
 11286 | Lair:5   | Noticed a six-headed hydra
 11296 | Lair:5   | Killed a six-headed hydra
 11507 | Lair:5   | Reached skill level 12 in Fighting
 11549 | Lair:5   | Found a staircase to the Slime Pits.
 11550 | Lair:5   | Found a viscous altar of Jiyva.
 11656 | Lair:5   | Noticed a seven-headed hydra
 11659 | Lair:5   | Found a glowing golden altar of the Shining One.
 11671 | Lair:5   | Killed a seven-headed hydra
 11749 | Lair:5   | Reached XP level 13. HP: 72/87 MP: 18/18
 11772 | Lair:5   | Noticed Kirke
 11785 | Lair:6   | Entered Level 6 of the Lair of Beasts
 12060 | Lair:5   | Killed Kirke
 12060 | Lair:5   | Received a gift from Okawaru
 12060 | Lair:5   | Reached skill level 10 in Polearms
 12097 | Lair:5   | Noticed Snorg
 12108 | Lair:5   | Killed Snorg
 12716 | Lair:6   | Found a radiant altar of Vehumet.
 12993 | Lair:6   | Reached skill level 13 in Fighting
 13503 | Lair:6   | Received a gift from Okawaru
 13635 | Lair:6   | Gained mutation: Your large and strong wings let you fly indefinitely. [Gargoyle growth]
 13635 | Lair:6   | Reached XP level 14. HP: 23/95 MP: 11/19
 14384 | Lair:6   | Reached skill level 14 in Fighting
 14892 | D:9      | Noticed Gastronok
 14923 | D:9      | Killed Gastronok
 15140 | Orc:1    | Entered Level 1 of the Orcish Mines
 15192 | Orc:1    | Noticed Urug
 15264 | D:10     | Entered Level 10 of the Dungeon
 15264 | D:10     | Noticed dngmouse's ghost (novice DDFi)
 15303 | Orc:1    | Killed Urug
 15653 | Orc:1    | Found Yseriozu's Magic Scroll Emporium.
 16628 | Orc:1    | Bought a scroll of acquirement for 572 gold pieces
 16754 | Orc:2    | Entered Level 2 of the Orcish Mines
 17005 | Orc:2    | Found a staircase to the Elven Halls.
 17009 | Orc:2    | Paralysed by an orc sorcerer for 6 turns
 17186 | Orc:2    | Received a gift from Okawaru
 17339 | Orc:2    | Noticed a stone giant
 17350 | Orc:2    | Killed a stone giant
 17675 | Orc:2    | Paralysed by an orc sorcerer for 5 turns
 17863 | Orc:2    | Found Qoid's Book Shop.
 17865 | Orc:2    | Found Ublelano's Food Emporium.
 17866 | Orc:2    | Found Atoadwops's Jewellery Shop.
 18148 | Orc:2    | Reached skill level 15 in Fighting
 18588 | Orc:2    | Found Ruclagg's Antique Armour Emporium.
 18892 | D:10     | Killed dngmouse's ghost
 18892 | D:10     | Reached XP level 15. HP: 64/103 MP: 20/20
 19100 | D:10     | Received a gift from Okawaru
 19526 | D:10     | Found Coyx's Book Boutique.
 20568 | D:12     | Noticed yogakurto's ghost (journeyman GrHu)
 20580 | D:12     | Killed yogakurto's ghost
 20589 | D:12     | Reached skill level 15 in Armour
 20761 | D:12     | Found a labyrinth entrance.
 20765 | Lab      | Entered a labyrinth
 21034 | Lab      | Got a faintly glowing ruby amulet
 21036 | Lab      | Identified the amulet "Koucev" {RegenMP rElec Dex+5} (You took it off a minotaur in a labyrinth)
 21433 | Shoals:1 | Entered Level 1 of the Shoals
 22227 | Shoals:1 | Reached skill level 16 in Fighting
 22962 | Shoals:2 | Received a gift from Okawaru
 24349 | Shoals:3 | Noticed a kraken
 24710 | Shoals:3 | Reached XP level 16. HP: 91/111 MP: 21/21
 25543 | Shoals:4 | Entered Level 4 of the Shoals
 25545 | Shoals:4 | Noticed Ilsuiw
 25760 | Shoals:4 | Reached skill level 17 in Fighting
 26017 | Shoals:4 | Reached skill level 10 in Shields
 26062 | Shoals:4 | Received a gift from Okawaru
 26068 | Shoals:4 | Got a vibrating bone ring
 26168 | Shoals:4 | Identified the ring "Papecaj" {rC+ rN+ Str+2} (You took it off a siren on level 4 of the Shoals)
 26538 | Shoals:4 | Received a gift from Okawaru
 27138 | Shoals:4 | Killed Ilsuiw
 27177 | Shoals:4 | Got a scorched granite ring
 27563 | Shoals:4 | Got a barnacled rune of Zot
 27673 | Shoals:4 | Reached XP level 17. HP: 102/119 MP: 22/22
 28127 | Shoals:4 | Reached skill level 18 in Fighting
 28286 | Lair:2   | Killed bear's ghost
 28286 | Lair:2   | Reached skill level 15 in Polearms
 28461 | D:13     | Reached skill level 1 in Evocations
 29312 | D:13     | Received a gift from Okawaru
 29414 | D:13     | Found a gate to the Vaults.
 29824 | D:14     | Identified the ring "Mallatt" {+Fly Int+4} (You took it off a merfolk on level 4 of the Shoals)
 30020 | D:14     | Found a sacrificial altar of Ru.
 30051 | D:14     | Reached skill level 5 in Evocations
 30247 | D:14     | Learned a level 1 spell: Sandblast
 30487 | D:14     | Gained mutation: You are frail. (-10% HP) [mutagenic meat]
 30488 | D:14     | Gained mutation: You occasionally shout uncontrollably at your foes. [mutagenic meat]
 30489 | D:14     | Gained mutation: You have a pair of small antennae on your head. [mutagenic meat]
 30489 | D:14     | Lost mutation: You are frail. (-10% HP) [potion of cure mutation]
 30489 | D:14     | Lost mutation: You are dopey. (Int -2) [potion of cure mutation]
 30489 | D:14     | Lost mutation: You occasionally shout uncontrollably at your foes. [potion of cure mutation]
 30489 | D:14     | Lost mutation: You have a pair of small antennae on your head. [potion of cure mutation]
 30535 | D:14     | Found a portal to a secret trove of treasure.
 30616 | D:14     | Found Girust's Magic Scroll Shop.
 30619 | D:14     | Bought a scroll of enchant weapon for 97 gold pieces
 30619 | D:14     | Bought a scroll of identify for 26 gold pieces
 30619 | D:14     | Bought a scroll of teleportation for 39 gold pieces
 30619 | D:14     | Bought 2 scrolls of fog for 52 gold pieces
 30619 | D:14     | Bought a scroll of fog for 26 gold pieces
 30635 | D:15     | Entered Level 15 of the Dungeon
 30882 | D:15     | Found a staircase to the Depths.
 30995 | D:15     | Found a stormy altar of Qazlal.
 31527 | D:13     | Learned a level 9 spell: Shatter
 31781 | Depths:1 | Entered Level 1 of the Depths
 32211 | Lair:2   | Found a staircase to the Snake Pit.
 32223 | Snake:1  | Entered Level 1 of the Snake Pit
 32232 | Snake:1  | Reached skill level 1 in Dodging
 32322 | Snake:1  | Received a gift from Okawaru
 32394 | Snake:1  | Found Bairhe's Magic Scroll Shoppe.
 32437 | Snake:1  | Bought a scroll of identify for 24 gold pieces
 32437 | Snake:1  | Bought a scroll of teleportation for 36 gold pieces
 32437 | Snake:1  | Bought a scroll of holy word for 90 gold pieces
 32437 | Snake:1  | Bought a scroll of identify for 24 gold pieces
 32437 | Snake:1  | Bought a scroll of fear for 42 gold pieces
 32437 | Snake:1  | Bought a scroll of blinking for 90 gold pieces
 32437 | Snake:1  | Bought a scroll of teleportation for 36 gold pieces
 32449 | Snake:1  | Reached skill level 19 in Fighting
 32455 | Snake:1  | Reached XP level 18. HP: 101/128 MP: 23/23
 32680 | Snake:1  | Found Omynk's Gadget Shop.
 32688 | Snake:1  | Bought a wand of hasting (7/9) for 1188 gold pieces
 32763 | Snake:1  | Found Zuqoal's Gadget Shoppe.
 32764 | Snake:1  | Found Zolityug's Jewellery Boutique.
 32765 | Snake:1  | Found Axzopn's Gadget Shoppe.
 33287 | Snake:2  | Noticed Saint Roka
 33310 | Snake:2  | Killed Saint Roka
 33310 | Snake:2  | Reached skill level 5 in Dodging
 33885 | Snake:2  | Received a gift from Okawaru
 33886 | Snake:2  | Got a pair of ancient boots {god gift}
 33897 | Snake:2  | Identified the +0 pair of boots of Conscience {rN+} (Okawaru gifted it to you on level 2 of the Snake Pit)
 34940 | Snake:3  | Reached skill level 20 in Fighting
 35147 | Snake:3  | Noticed Mara
 35178 | Snake:3  | Noticed pib's illusion
 35446 | Snake:4  | Entered Level 4 of the Snake Pit
 35454 | Snake:4  | Noticed Aizul
 35477 | Snake:4  | Killed Aizul
 35818 | Snake:4  | Gained mutation: Your mind is acute. (Int +2) [mutagenic meat]
 35819 | Snake:4  | Gained mutation: Your flesh is heat resistant. (rF+) [mutagenic meat]
 35827 | Snake:4  | Found Mojurgh's General Store.
 35827 | Snake:4  | Found Waovyoni's Antique Weapon Boutique.
 35958 | Snake:4  | Found Tihuclick's Weapon Shoppe.
 36154 | Snake:4  | Reached XP level 19. HP: 124/136 MP: 15/24
 36457 | Snake:4  | Received a gift from Okawaru
 36464 | Snake:4  | Got a brightly glowing trident {god gift}
 36465 | Snake:4  | Identified the +0 trident of Xahusk {chaos, +Blink rF+ rC+ Dex+3} (Okawaru gifted it to you on level 4 of the Snake Pit)
 37201 | Snake:4  | Received a gift from Okawaru
 37201 | Snake:4  | Reached skill level 21 in Fighting
 37202 | Snake:4  | Got a pair of transparent boots {god gift}
 37213 | Snake:4  | Identified the +1 pair of boots of Rotation {rElec rN+ MP+9 Str-4} (Okawaru gifted it to you on level 4 of the Snake Pit)
 37228 | Snake:4  | Got a serpentine rune of Zot
 37771 | Vaults:1 | Entered Level 1 of the Vaults
 38304 | Vaults:1 | Reached skill level 10 in Dodging
 38588 | Vaults:1 | Reached XP level 20. HP: 114/144 MP: 25/25
 38909 | Vaults:1 | Received a gift from Okawaru
 39040 | Vaults:1 | Reached skill level 22 in Fighting
 40164 | Vaults:2 | Got a crude leather armour
 40175 | Vaults:2 | Identified the +1 leather armour "Zuaqoar" {Str+4} (You found it on level 2 of the Vaults)
 40370 | Vaults:2 | Received a gift from Okawaru
 40775 | Vaults:2 | Noticed Frederick
 40786 | Vaults:2 | Killed Frederick
 41166 | Vaults:3 | Reached skill level 1 in Earth Magic
 41272 | Vaults:3 | Noticed Margery
 41291 | Vaults:3 | Reached skill level 1 in Spellcasting
 41320 | Vaults:3 | Received a gift from Okawaru
 41334 | Vaults:3 | Identified the +3 trident of Okawaru's Delight {venom, *Corrode Int+3 Dex+7} (Okawaru gifted it to you on level 3 of the Vaults)
 41496 | Vaults:3 | Killed Margery
 41952 | Vaults:3 | Reached XP level 21. HP: 115/152 MP: 26/26
 42172 | Vaults:3 | Found a staircase to the Crypt.
 42473 | Vaults:3 | Received a gift from Okawaru
 42604 | Vaults:3 | Reached skill level 5 in Earth Magic
 42909 | Vaults:4 | Reached skill level 23 in Fighting
 43091 | Vaults:4 | Reached skill level 5 in Spellcasting
 43109 | Vaults:4 | Received a gift from Okawaru
 43445 | Vaults:4 | Found Zitiel's Armour Shop.
 43733 | Vaults:4 | Learned a level 1 spell: Summon Small Mammal
 44380 | Vaults:4 | Received a gift from Okawaru
 44409 | Vaults:4 | Reached XP level 22. HP: 156/161 MP: 33/33
 45028 | Snake:1  | Bought a wand of heal wounds (5/9) for 918 gold pieces
 45360 | D:14     | You paid a toll of a wand of hasting (9) to enter a treasure trove
 45361 | Trove    | Entered a treasure trove
 45381 | Trove    | Got a pair of ichor-stained boots
 45392 | Trove    | Identified the +2 pair of boots "Tevumex" {Dex+4 SInv} (You found it in a treasure trove)
 45430 | Trove    | Got a warped hat
 45441 | Trove    | Identified the +0 hat of Midwinter {Dex+6} (You found it in a treasure trove)
 45462 | Trove    | Got a pair of faintly glowing boots
 45473 | Trove    | Identified the +2 pair of boots "Cigrohoq" {-Tele MR+ Int+3 Dex+3} (You found it in a treasure trove)
 45495 | Trove    | Got a pair of scorched boots
 45506 | Trove    | Identified the +2 pair of boots of Subjectivity {rF+ MR+ rCorr} (You found it in a treasure trove)
 45513 | Trove    | Got a slimy hat
 45519 | Trove    | Identified the +0 hat of Complete Protection {Int+2} (You found it in a treasure trove)
 45546 | Trove    | Got an ichor-stained chain mail
 45552 | Trove    | Identified the cursed +0 chain mail "Sowocoiw" {rCorr Dex+4} (You found it in a treasure trove)
 45560 | Trove    | Got a garnet-encrusted scale mail
 45566 | Trove    | Identified the +2 scale mail of Shielding {rPois rC+++ rN+ Str-3} (You found it in a treasure trove)
 45588 | Trove    | Got a spiked scale mail
 45594 | Trove    | Identified the +5 scale mail of Jior {Regen+ Int+3 Dex+4} (You found it in a treasure trove)
 45790 | Elf:1    | Entered Level 1 of the Elven Halls
 46019 | Elf:1    | Noticed Frances
 46026 | Elf:1    | Killed Frances
 46342 | Elf:1    | Found Ciokk's Jewellery Emporium.
 46706 | Elf:2    | Found a runed gate.
 46706 | Elf:2    | Found a runed gate.
 46706 | Elf:2    | Found a runed gate.
 47579 | Elf:2    | Noticed Asterion
 47603 | Elf:2    | Killed Asterion
 47841 | Elf:3    | Entered Level 3 of the Elven Halls
 47851 | Elf:3    | Found Jonap's Distillery.
 47874 | Elf:3    | Bought a potion of agility for 52 gold pieces
 47874 | Elf:3    | Bought a potion of heal wounds for 65 gold pieces
 47874 | Elf:3    | Bought a potion of curing for 39 gold pieces
 47886 | Elf:3    | Found an ancient bone altar of Kikubaaqudgha.
 47921 | Elf:3    | Found Totwaoff's Distillery.
 48075 | Elf:3    | Received a gift from Okawaru
 48181 | Elf:3    | Received a gift from Okawaru
 48363 | Elf:3    | Reached skill level 15 in Shields
 48483 | Elf:3    | Reached skill level 24 in Fighting
 48615 | Elf:3    | Identified Suclepen's Papyrus of Cold and the Arsonist
 48634 | Elf:3    | Identified Mojeyphi's Papyrus of Flamy Aid
 48659 | Elf:3    | Got a faintly humming chain mail
 48670 | Elf:3    | Identified the +5 chain mail "Zish" {MR++} (You found it on level 3 of the Elven Halls)
 48695 | Elf:3    | Learned a level 6 spell: Deflect Missiles
 48738 | Elf:3    | Received a gift from Okawaru
 48805 | Elf:3    | Learned a level 3 spell: Teleport Other
 48831 | Elf:3    | Identified the Catalogue of the Volcanoes
 48861 | Elf:3    | Got an ichor-stained spear
 48863 | Elf:3    | Identified the +5 spear "Toluo" {antimagic, rElec} (You found it on level 3 of the Elven Halls)
 48900 | Elf:3    | Got a fine wooden ring
 48901 | Elf:3    | Identified the ring "Zuxusat" {MR- Int+3 Dex+2 SInv Stlth+} (You found it on level 3 of the Elven Halls)
 49003 | Elf:3    | Noticed Nikola
 49022 | Elf:3    | Killed Nikola
 49045 | Elf:3    | Reached XP level 23. HP: 137/167 MP: 35/35
 49314 | Elf:3    | Bought a potion of heal wounds for 65 gold pieces
 49314 | Elf:3    | Bought a potion of haste for 130 gold pieces
 49314 | Elf:3    | Bought a potion of curing for 39 gold pieces
 49734 | Vaults:5 | Entered Level 5 of the Vaults
 49842 | Vaults:4 | Received a gift from Okawaru
 50148 | Vaults:4 | Gained mutation: You are frail. (-10% HP) [a shining eye]
 50176 | Vaults:4 | Reached skill level 10 in Evocations
 51192 | Vaults:5 | Noticed a golden dragon
 51230 | Vaults:5 | Killed a golden dragon
 51823 | Vaults:5 | Received a gift from Okawaru
 51994 | Vaults:5 | Got a silver rune of Zot
 52107 | Vaults:5 | Noticed Jory
 52125 | Vaults:5 | Killed Jory
 52369 | Vaults:5 | Found Otwubula's Gadget Boutique.
 52411 | Vaults:5 | Noticed a golden dragon
 52413 | Vaults:5 | Noticed a golden dragon
 52441 | Vaults:5 | Noticed an ancient lich
 52441 | Vaults:5 | Killed a golden dragon
 52441 | Vaults:5 | Reached XP level 24. HP: 140/155 MP: 30/35
 52454 | Vaults:5 | Killed an ancient lich
 52515 | Vaults:5 | Noticed an ancient lich
 52546 | Vaults:5 | Killed an ancient lich
 52626 | Vaults:5 | Found Teileo Poygh's Distillery.
 52647 | Vaults:5 | Bought a potion of haste for 240 gold pieces
 52647 | Vaults:5 | Bought a potion of berserk rage for 120 gold pieces
 52651 | Vaults:5 | Found Xihomm's Antique Armour Shoppe.
 52653 | Vaults:5 | Found Sevur's Book Boutique.
 52783 | Vaults:5 | Received a gift from Okawaru
 52998 | Vaults:4 | Lost mutation: You are frail. (-10% HP) [potion of cure mutation]
 52998 | Vaults:4 | Lost mutation: Your mind is acute. (Int +2) [potion of cure mutation]
 52998 | Vaults:4 | Lost mutation: Your flesh is heat resistant. (rF+) [potion of cure mutation]
 52999 | Vaults:4 | Fell from the grace of Okawaru
 53210 | Temple   | Became a worshipper of the Shining One
 53398 | Crypt:1  | Entered Level 1 of the Crypt
 53398 | Crypt:1  | Noticed Xtahua
 53410 | Crypt:1  | Killed Xtahua
 53477 | Crypt:1  | Reached * piety under the Shining One
 53602 | Crypt:1  | Reached skill level 1 in Staves
 53611 | Crypt:1  | Found a magical portal.
 53655 | Crypt:1  | Reached ** piety under the Shining One
 53663 | WizLab   | Entered Doroklohe's Tomb
 53855 | WizLab   | Gained mutation: You are dopey. (Int -2) [a cacodemon]
 53967 | WizLab   | Reached *** piety under the Shining One
 54212 | Crypt:1  | Reached skill level 5 in Staves
 54269 | Crypt:1  | Reached **** piety under the Shining One
 54406 | Crypt:1  | Reached ***** piety under the Shining One
 54626 | Crypt:1  | HP: 3/173 [frost giant/bolt of cold[the fury of Okawaru] (21)]
 55617 | Crypt:1  | Noticed Mennas
 56667 | D:15     | Reached XP level 25. HP: 36/178 MP: 35/35
 57712 | D:15     | Reached skill level 10 in Invocations
 58087 | D:15     | HP: 2/178 [titan/the air[the fury of Okawaru] (32)]
 58657 | D:15     | HP: 7/178 [frost giant/battleaxe of freezing[the fury of Okawaru] (14)]
 58671 | D:15     | HP: 6/178 [frost giant/battleaxe of freezing[the fury of Okawaru] (19)]
 59649 | Depths:1 | Got a dazzling trident {freeze}
 59650 | Depths:1 | Identified the +7 trident of Rovoba {freeze, Str+5 Int+4} (You took it off a tengu conjurer on level 1 of the Depths)
 59691 | Depths:1 | Found Lutz's Book Shop.
 60047 | Depths:1 | Found a shattered altar of Ashenzari.
 60209 | Depths:1 | Found Pukazxy's Antique Armour Shoppe.
 60257 | Depths:1 | Found Naxusi's Antique Armour Boutique.
 60262 | Depths:1 | Found Zashouch's Assorted Antiques.
 60288 | Depths:1 | Found a gateway to Hell.
 60910 | Depths:2 | Was forgiven by Okawaru
 61529 | Depths:2 | Found a gateway to a ziggurat.
 61914 | Depths:2 | Found a one-way gate leading to the halls of Pandemonium.
 63095 | Depths:3 | Noticed the Enchantress
 63105 | Depths:3 | Killed the Enchantress
 63214 | Depths:3 | Reached ****** piety under the Shining One
 63240 | Depths:3 | Identified a +9 trishula of holy wrath (a +7 demon trident of venom blessed by the Shining One)
 63240 | Depths:3 | Received a gift from the Shining One
 63399 | Depths:3 | Noticed Jorgrun
 63413 | Depths:3 | Killed Jorgrun
 63455 | Depths:3 | Found a bloodstained altar of Trog.
 64446 | Depths:4 | Reached XP level 26. HP: 187/187 MP: 35/35
 64468 | Depths:4 | Got a glittering amber ring
 64470 | Depths:4 | Identified the ring "Herhurarph" {Fire -Tele rPois Int+3} (You found it on level 4 of the Depths)
 64553 | Depths:4 | Reached skill level 25 in Fighting
 65288 | Depths:4 | Found a one-way gate to the infinite horrors of the Abyss.
 65557 | Depths:5 | Entered Level 5 of the Depths
 65613 | Depths:5 | Reached skill level 26 in Fighting
 65810 | Depths:5 | Found a stormy altar of Qazlal.
 65981 | Depths:5 | Found a gate to the Realm of Zot.
 66342 | Depths:5 | Reached skill level 27 in Fighting
 66493 | Depths:5 | Found a sacrificial altar of Ru.
 66685 | Depths:5 | Found a deep blue altar of Sif Muna.
 66715 | Depths:5 | Reached XP level 27. HP: 196/199 MP: 35/35
 66954 | Depths:5 | Got a scorched helmet
 66965 | Depths:5 | Identified the cursed +0 helmet of the Guild-Master {rPois MR+ Str+2} (You found it on level 5 of the Depths)
 67100 | Depths:5 | Found an iron altar of Okawaru.
 67168 | Zot:1    | Entered Level 1 of the Realm of Zot
 67322 | Zot:1    | Reached skill level 15 in Invocations
 70080 | Zot:4    | Noticed an orb of fire
 70089 | Zot:4    | Gained mutation: Scrolls take you a little longer to read. [an orb of fire]
 70098 | Zot:4    | Gained mutation: You are robust. (+10% HP) [an orb of fire]
 70100 | Zot:4    | Killed an orb of fire
 70282 | Zot:3    | Lost mutation: Scrolls take you a little longer to read. [potion of cure mutation]
 70282 | Zot:3    | Lost mutation: You are dopey. (Int -2) [potion of cure mutation]
 70282 | Zot:3    | Lost mutation: You are robust. (+10% HP) [potion of cure mutation]
 70494 | Zot:4    | Noticed an orb of fire
 70498 | Zot:4    | Gained mutation: You are dopey. (Int -2) [an orb of fire]
 70516 | Zot:4    | Killed an orb of fire
 70516 | Zot:4    | Reached skill level 15 in Dodging
 70828 | Zot:4    | Noticed an ancient lich
 70839 | Zot:4    | Killed an ancient lich
 70946 | Zot:5    | Entered Level 5 of the Realm of Zot
 71194 | Zot:5    | Noticed an ancient lich
 71196 | Zot:5    | Noticed an ancient lich
 71203 | Zot:5    | Killed an ancient lich
 71209 | Zot:5    | Killed an ancient lich
 71387 | Zot:5    | Noticed an orb of fire
 71389 | Zot:5    | Noticed an ancient lich
 71390 | Zot:5    | Gained mutation: You occasionally shout uncontrollably at your foes. [an orb of fire]
 71391 | Zot:5    | Noticed an orb of fire
 71394 | Zot:5    | Killed an orb of fire
 71396 | Zot:5    | Killed an ancient lich
 71406 | Zot:5    | Gained mutation: Armour fits poorly on your strangely shaped body. [an orb of fire]
 71407 | Zot:5    | Gained mutation: Scrolls take you a little longer to read. [an orb of fire]
 71412 | Zot:5    | Killed an orb of fire
 71737 | Zot:5    | Lost mutation: You are dopey. (Int -2) [potion of cure mutation]
 71737 | Zot:5    | Lost mutation: Armour fits poorly on your strangely shaped body. [potion of cure mutation]
 71737 | Zot:5    | Lost mutation: You occasionally shout uncontrollably at your foes. [potion of cure mutation]
 71828 | Zot:5    | Noticed an orb of fire
 71829 | Zot:5    | Noticed an orb of fire
 71852 | Zot:5    | Killed an orb of fire
 71859 | Zot:5    | Noticed an ancient lich
 71864 | Zot:5    | Killed an orb of fire
 71871 | Zot:5    | Killed an ancient lich
 71897 | Zot:5    | Got the Orb of Zot
 71953 | Zot:5    | Noticed Wuyfogh the pandemonium lord
 72077 | Zot:3    | Noticed an orb of fire
 72080 | Zot:3    | Gained mutation: You tend to lose your temper in combat. [an orb of fire]
 72093 | Zot:3    | Lost mutation: You tend to lose your temper in combat. [an orb of fire]
 72101 | Zot:3    | Gained mutation: You have large cloven feet. [an orb of fire]
 72107 | Zot:3    | Gained mutation: You tend to lose your temper in combat. [an orb of fire]
 72159 | Depths:5 | Noticed Gaaneuv the pandemonium lord
 72162 | Depths:5 | Gained mutation: You regenerate slowly when monsters are visible. [a cacodemon]
 72217 | Depths:4 | Killed Gaaneuv the pandemonium lord
 72286 | Depths:2 | Noticed Ycexaky the pandemonium lord
 72504 | D:7      | Gained mutation: You are frail. (-10% HP) [a neqoxec]
 72644 | D:2      | Noticed Cugha the pandemonium lord
 72654 | D:1      | Killed Cugha the pandemonium lord
 72680 | D:$      | Escaped with the Orb!

Skill      XL: |  1  2  3  4  5  6  7  8  9 10 11 12 13 14 15 16 17 18 19 20 21 22 23 24 25 26 27 |
---------------+----------------------------------------------------------------------------------+-----
Axes           | 2 3 |  3.3
Shields        | 4 5 6 8 9 11 15 | 15.2
Armour         | 4 5 6 8 10 11 13 14 15 | 15.1
Fighting       | 4 5 6 7 9 10 12 13 15 16 17 19 20 21 22 23 24 27 | 27.0
Polearms       | 1 2 4 6 8 9 11 12 13 14 15 16 17 19 | 19.4
Invocations    | 4 7 9 14 17 | 17.0
Evocations     | 7 12 14 | 14.0
Dodging        | 2 7 10 12 19 | 19.5
Earth Magic    | 4 8 |  8.1
Spellcasting   | 2 7 8 |  8.1
Staves         | 7 8 |  8.0

Action                   |  1- 3 |  4- 6 |  7- 9 | 10-12 | 13-15 | 16-18 | 19-21 | 22-24 | 25-27 || total
-------------------------+-------+-------+-------+-------+-------+-------+-------+-------+-------++-------
Melee: War axe           |    80 |   130 |       |       |       |       |       |       |       ||   210
       Trident           |       |    99 |   348 |   366 |    83 |       |       |       |   526 ||  1422
       Glaive            |       |       |       |   295 |  1056 |   478 |       |       |       ||  1829
       Unarmed           |       |       |       |       |     6 |       |       |       |       ||     6
       Punch             |       |       |       |       |     1 |       |       |       |       ||     1
       Demon trident     |       |       |       |       |       |  1307 |  2086 |  1604 |       ||  4997
       Lajatang          |       |       |       |       |       |       |       |   530 |   444 ||   974
       Trishula          |       |       |       |       |       |       |       |       |  2535 ||  2535
Invok: Heroism           |       |       |       |     2 |     9 |    11 |     8 |     7 |       ||    37
       Finesse           |       |       |       |     1 |    10 |    11 |     9 |    14 |       ||    45
       Cleansing Flame   |       |       |       |       |       |       |       |     2 |     7 ||     9
       Divine Shield     |       |       |       |       |       |       |       |     1 |     3 ||     4
       Renounce Religion |       |       |       |       |       |       |       |     1 |       ||     1
       Summon Divine War |       |       |       |       |       |       |       |       |    14 ||    14
       Brand Weapon With |       |       |       |       |       |       |       |       |     1 ||     1
 Abil: Fly               |       |       |       |       |     1 |       |       |       |       ||     1
       Stop Flying       |       |       |       |       |     1 |       |       |       |       ||     1
Evoke: Wand              |       |       |       |       |     4 |     1 |     1 |     8 |     5 ||    19
       Disc of storms    |       |       |       |       |       |       |       |     1 |       ||     1
  Use: Scroll            |       |     2 |     8 |     8 |    21 |    10 |     7 |    14 |    21 ||    91
       Potion            |       |       |       |       |     8 |     7 |       |     5 |     9 ||    29
 Stab: Distracted        |       |       |       |       |       |       |       |     1 |       ||     1
  Eat: Chunk             |       |     7 |    12 |    12 |    15 |    15 |    22 |    14 |     5 ||   102
       Royal jelly       |       |       |       |     1 |       |     6 |     3 |     2 |     1 ||    13
       Meat ration       |       |       |       |     1 |       |       |       |       |     5 ||     6
       Bread ration      |       |       |       |       |     7 |     4 |       |     6 |     6 ||    23
       Fruit             |       |       |       |       |       |       |       |       |     4 ||     4
       Pizza             |       |       |       |       |       |       |       |       |     1 ||     1
Armor: Scale mail        |    30 |    83 |   147 |    74 |       |       |       |   106 |       ||   440
       Plate armour      |       |       |       |   160 |       |   430 |   224 |       |   618 ||  1432
       Chain mail        |       |       |       |   102 |   673 |   177 |   154 |   650 |   519 ||  2275
Dodge: Dodged            |    27 |    60 |    61 |   285 |   638 |   472 |   337 |   630 |   844 ||  3354
Block: Shield            |    26 |   136 |   272 |   266 |       |       |       |   743 |  2007 ||  3450
       Reflection        |       |     2 |     7 |     8 |    21 |    51 |   128 |    74 |    69 ||   360
       Other             |       |       |       |   110 |   348 |   135 |       |   165 |    95 ||   853
       Buckler           |       |       |       |       |       |   521 |   735 |    18 |       ||  1274
